Map: Station de Dasan EC

Players

Naring - Winner!

  • Race: Protoss Protoss
  • League: Platinum

RedBaron

  • Race: Zerg Zerg
  • League: Platinum

VOD

Have the link to the VOD?

Description

Time

  • Played on: Aug. 30, 2016, 7:59 a.m.
  • Length: 9:56
Show
View Real Time Build Order
Export as new Build Order

Naring Protoss - Winner!

Build Orders:  

Get SALT Encoding   

  12  0:01  Probe (Chrono Boost)  
  13  0:13  Probe (Chrono Boost)  
  14  0:18  Pylon  
  14  0:23  Probe (Chrono Boost)  
  15  0:36  Probe (Chrono Boost)  
  15  0:38  Gateway  
  16  0:43  Assimilator  
  16  0:58  Gateway  
  16  1:03  Probe (Chrono Boost)  
  17  1:14  Probe (Chrono Boost)  
  17  1:17  Pylon  
  18  1:29  Pylon  
  18  1:32  Probe (Chrono Boost)  
  19  1:38  Forge  
  19  1:51  Cybernetics Core  
  19  1:56  Probe (Chrono Boost)  
  20  2:06  Probe (Chrono Boost)  
  21  2:13  Photon Cannon  
  21  2:15  Photon Cannon  
  21  2:21  Photon Cannon  
  21  2:27  Probe (Chrono Boost)  
  22  2:38  Probe (Chrono Boost)  
  23  2:50  Stalker  
  23  2:54  Pylon, Stalker  
  27  3:17  Adept  
  27  3:24  Nexus, Adept  
  31  3:42  Adept  
  33  3:51  Adept  
  32  4:50  Adept  
  30  5:10  Stalker  
  28  5:17  Stalker, Warp Gate  
  28  5:21  Gateway  
  32  5:23  Probe (Chrono Boost)  
  32  5:25  Probe (Chrono Boost)  
  32  5:26  Pylon  
  34  5:30  Assimilator  
  34  5:34  Protoss Ground Weapons Level 1  
  34  5:37  Probe (Chrono Boost)  
  34  5:38  Probe (Chrono Boost)  
  34  5:39  Assimilator  
  36  5:49  Probe (Chrono Boost)  
  37  5:51  Twilight Council  
  37  5:53  Probe (Chrono Boost)  
  37  5:55  Pylon  
  37  5:56  Stalker x2  
  42  6:01  Probe (Chrono Boost)  
  43  6:16  Probe x2 (Chrono Boost)  
  41  6:25  Stalker  
  43  6:28  Adept x2  
  49  6:33  Probe x2 (Chrono Boost)  
  49  6:39  Resonating Glaives  
  49  6:44  Probe (Chrono Boost)  
  50  6:54  Gateway  
  50  6:55  Gateway  
  50  6:56  Pylon  
  50  7:00  Probe x2 (Chrono Boost)  
  48  7:32  Adept x2  
  48  7:33  Adept  
  54  7:49  Probe x2 (Chrono Boost)  
  54  7:50  Assimilator  
  55  7:52  Pylon  
  55  7:56  Stalker x3  
  51  8:28  Stalker x2  
  51  8:29  Stalker x2  
  61  8:41  Probe x2 (Chrono Boost)  
  61  8:46  Zealot  
  63  8:59  Gateway, Stalker x4  
  63  9:01  Gateway  
  71  9:03  Pylon  
  71  9:07  Probe x2 (Chrono Boost)  
  73  9:10  Pylon  
  73  9:19  Probe (Chrono Boost)  
  73  9:22  Stargate  
  74  9:24  Pylon, Stalker x2  
  74  9:25  Stalker  
Show
View Real Time Build Order
Export as new Build Order

RedBaron Zerg 

Build Orders: Hatch First 

Get SALT Encoding   

  12  0:01  Drone  
  13  0:14  Overlord  
  13  0:19  Drone  
  14  0:37  Drone x3  
  17  0:59  Drone  
  17  1:01  Extractor  
  17  1:05  Hatchery  
  17  1:06  Drone  
  17  1:22  Spawning Pool  
  16  1:28  Drone  
  16  1:29  Drone  
  18  1:43  Drone x2  
  20  1:57  Overlord  
  20  2:15  Zergling x2  
  20  2:16  Zergling x2  
  20  2:17  Queen  
  26  2:39  Roach Warren  
  21  2:56  Queen  
  23  3:00  Roach Warren  
  23  3:03  Drone  
  23  3:04  Drone x4  
  27  3:18  Extractor  
  26  3:25  Drone x2  
  29  3:37  Overlord  
  29  3:38  Overlord x2  
  29  3:54  Overlord  
  29  3:55  Queen  
  29  3:58  Roach  
  33  4:12  Roach x4  
  38  4:24  Roach  
  38  4:40  Roach x2  
  36  4:57  Spine Crawler  
  36  4:59  Roach  
  32  5:07  Roach x4  
  36  5:13  Spine Crawler  
  35  5:24  Roach  
  35  5:25  Hatchery  
  36  5:38  Roach  
  38  5:51  Roach x3  
  42  6:14  Roach x2  
  45  6:31  Roach x4  
  53  6:39  Queen  
  55  6:41  Drone  
  56  6:47  Drone  
  57  7:16  Roach  
  59  7:27  Drone  
  59  7:29  Overlord x3  
  60  7:40  Lair  
  60  7:45  Overlord  
  60  7:54  Drone x2  
  60  7:55  Drone  
  49  8:29  Drone x2  
  49  8:30  Drone x5  
  48  8:40  Hydralisk Den  
  45  8:41  Drone  
  45  8:42  Drone  
  47  8:52  Drone x2  
  49  8:58  Evolution Chamber  
  49  8:59  Drone  
  49  9:05  Drone x4  
  49  9:06  Queen  
  55  9:19  Extractor  
  55  9:21  Extractor  
  53  9:29  Drone  
  54  9:35  Drone x4  
  54  9:38  Drone x3  
Tags
 
Add a new tag
Caveats
  • Supply blocks, unpowered buildings, or Contaminate may cause inaccurate times.
  • Supply counts are checked every 10 seconds.